 Dungeon Crawl Stone Soup version 0.21-a0-171-g0f4a3b6 (webtiles) character file.

658 seren the Insei (level 7, -6/45 HPs)
             Began as an Octopode Transmuter on Aug 7, 2017.
             Was an Initiate of Ashenzari.
             Splashed by a jelly's acid (8 damage)
             ... on level 5 of the Dungeon.
             The game lasted 00:24:16 (5436 turns).

seren the Insei (Octopode Transmuter)               Turns: 5436, Time: 00:24:18

Health: -6/45      AC: -15   Str: 10    XL:     7   Next: 55%
Magic:  0/20       EV: 16    Int: 17    God:    Ashenzari [......]
Gold:   251        SH:  0    Dex: 12    Spells: 5/11 levels left

rFire    . . .     SeeInvis .     - Unarmed
rCold    . . .     Gourm    .   (no shield)
rNeg     . . .     Faith    .   (helmet restricted)
rPois    .         Spirit   +   w - amulet of guardian spirit
rElec    .         Reflect  .   s - +3 ring of evasion
rCorr    .         Harm     .   d - ring of magical power
MR       +....                  I - ring of protection from magic
Stlth    ++++......             (no ring)
HPRegen  0.15/turn              (no ring)
MPRegen  0.17/turn              (no ring)
                                (no ring)
                                (no ring)

@: corroded, very slightly contaminated
A: almost no armour, stealthy swim, amphibious, 8 rings, constrict 8, camouflage
1, gelatinous body 1
a: Curse Item, Renounce Religion


You were on level 5 of the Dungeon.
You worshipped Ashenzari.
Ashenzari was noncommittal.
You were hungry.

You visited 2 branches of the dungeon, and saw 6 of its levels.
You also visited: Sewer.

You collected 251 gold pieces.

Inventory:

Hand Weapons
 b - a +0 hunting sling
 g - a +0 dagger of draining
 n - a +1 vampiric dagger
Missiles
 a - 65 arrows
 j - 177 stones (quivered)
 k - 35 sling bullets
 p - 8 curare-tipped needles
 z - 4 needles of frenzy
 B - 17 poisoned needles
Jewellery
 d - a ring of magical power (right tentacle)
 s - a +3 ring of evasion (left tentacle)
 w - an amulet of guardian spirit (around mantle)
 I - a ring of protection from magic (on tentacle)
Wands
 A - a wand of flame (20/48)
 H - a wand of lightning (3/15)
Scrolls
 i - a scroll of remove curse
 l - a scroll of blinking {unknown}
 m - 2 scrolls of teleportation {!r}
 q - a scroll of fog {unknown}
 u - a scroll of identify {unknown}
 y - a scroll of amnesia
 E - a scroll of random uselessness {unknown}
 F - a scroll of enchant weapon {unknown}
 G - a scroll of fear {unknown}
Potions
 e - a potion of mutation {unknown}
 f - a potion of degeneration {unknown}
 h - a potion of curing {unknown}
 t - a potion of flight {unknown}
 v - a potion of cancellation {unknown}
 J - a potion of berserk rage {unknown}
Books
 D - a book of Changes

   Spells                             Type                      Level
   a - Beastly Appendage              Transmutation                1
   b - Sticks to Snakes               Transmutation                2
   c - Spider Form                    Transmutation/Poison         3
   d - Ice Form                       Ice/Transmutation            4
   e - Blade Hands                    Transmutation                5
Comestibles
 c - 3 bread rations
 o - 4 fruits
 r - 2 royal jellies
 x - a chunk of flesh
 C - a meat ration


   Skills:
 + Level 2.4 Fighting
 + Level 2.0 Dodging
 + Level 4.3 Stealth
 + Level 5.7 Unarmed Combat
 + Level 2.7 Spellcasting
 + Level 3.7 Transmutations
 - Level 3.0 Poison Magic


You had 5 spell levels left.
You knew the following spells:

 Your Spells              Type           Power        Failure   Level  Hunger
a - Beastly Appendage     Tmut           ##....       4%          1    #......
b - Sticks to Snakes      Tmut           ##......     6%          2    ##.....
s - Spider Form           Tmut/Pois      ##........   14%         3    ###....


Dungeon Overview and Level Annotations

Branches:
Dungeon (5/15)             Temple (1/1) D:4

Altars:
Ashenzari
Cheibriados
Fedhas
Gozag
Hepliaklqana
Kikubaaqudgha
Makhleb
Nemelex Xobeh
Qazlal
Ru
Sif Muna
Trog
Vehumet
Wu Jian
Xom
Yredelemnul
Zin
The Shining One
Lugonu

Annotations:
D:4 namelastname112's ghost, novice DrWn
D:5 Eustachio


Innate Abilities, Weirdness & Mutations

You cannot wear most types of armour.
You are very stealthy in the water. (Stealth+)
You are amphibious.
You can wear up to eight rings at the same time.
You can use your tentacles to constrict eight enemies at once.
Your skin changes colour to match your surroundings (Stealth+).
Your rubbery body absorbs attacks. (AC +1, EV +1)


Message History

The jelly is heavily wounded.
The jelly hits you.
* * * LOW HITPOINT WARNING * * *
The acid corrodes you!
You are splashed with acid!
The acid burns!
* * * LOW HITPOINT WARNING * * *
Okay, then.
You are feeling hungry.
The jelly hits you.
* * * LOW HITPOINT WARNING * * *
You are splashed with acid!
The acid burns!
* * * LOW HITPOINT WARNING * * *
Okay, then.
Casting: Spider Form
Confirm with . or Enter, or press ? or * to list all spells.
You miscast Sticks to Snakes.
You are very lightly contaminated with residual magic.
You feel a strange surge of energy! The jelly hits you.
* * * LOW HITPOINT WARNING * * *
You are splashed with acid!
The acid burns!
You die...

#........## ####...÷.....#
##._..._...##########.#.#####.#
#.......................###...#
###....⌠.....##########...#......
.............#.....# #...#.#.###
###.._..._......##.# #...#.#....
...........#....##.# #...#.#####
###.#......+..#J##.# #...#. .
#.#......#....@..####...#.
.##.#.########............#.
......................>...#.
.##.##.#####.#..........#.# #
#.............###..#.####
####.#######..# #...... #.# #..#
#.##.### #.# #..# #...... #.#
#..# ####.##


You could see a jelly.

Vanquished Creatures
  Purgy (Sewer)
  A phantom (D:5)
  2 scorpions (D:4)
  A howler monkey (D:4)
  3 orc wizards
  3 worker ants
  Robin (D:4)
  4 adders
  2 adder skeletons
  An adder zombie (D:5)
  3 worms
  5 dart slugs
  5 leopard geckos
  4 orcs
  A ball python (D:2)
  7 giant cockroaches
  16 goblins
  11 hobgoblins
  3 jackals (D:4)
  6 kobolds
  A quokka (D:2)
  7 bats
  3 frilled lizards
  A quokka skeleton (D:5)
  7 rats
99 creatures vanquished.

Notes
Turn   | Place    | Note
-------+----------+-------------------------------------------
     0 | D:1      | seren the Octopode Transmuter began the quest for the Orb.
     0 | D:1      | Reached XP level 1. HP: 13/13 MP: 3/3
   215 | D:1      | Reached skill level 1 in Stealth
   240 | D:1      | Reached XP level 2. HP: 18/18 MP: 5/5
   485 | D:1      | Learned a level 2 spell: Sticks to Snakes
   865 | D:1      | Reached XP level 3. HP: 22/23 MP: 6/6
   898 | D:2      | Learned a level 3 spell: Spider Form
  1943 | D:2      | Found a sacrificial altar of Ru.
  1953 | D:2      | Reached XP level 4. HP: 28/28 MP: 7/7
  2078 | D:2      | Reached skill level 4 in Unarmed Combat
  2351 | D:3      | Reached skill level 1 in Poison Magic
  2592 | D:3      | Found a burning altar of Makhleb.
  3331 | D:4      | Found an ancient bone altar of Kikubaaqudgha.
  3364 | D:4      | Noticed Robin
  3369 | D:4      | Killed Robin
  3369 | D:4      | Reached XP level 5. HP: 33/33 MP: 8/8
  3431 | D:4      | Found a blossoming altar of Fedhas.
  3467 | D:4      | Found a staircase to the Ecumenical Temple.
  3481 | Temple   | Entered the Ecumenical Temple
  3615 | D:4      | Noticed namelastname112's ghost (novice DrWn)
  4107 | D:4      | Reached skill level 5 in Unarmed Combat
  4490 | D:4      | Reached XP level 6. HP: 26/38 MP: 9/9
  4836 | D:5      | Entered Level 5 of the Dungeon
  4836 | D:5      | Noticed a phantom
  4838 | D:5      | Found a shimmering altar of Xom.
  4925 | D:5      | Killed a phantom
  4925 | D:5      | Reached XP level 7. HP: 27/45 MP: 10/10
  4967 | D:5      | Found a glowing drain.
  4999 | Sewer    | Entered a sewer
  5087 | Sewer    | Noticed Purgy
  5103 | Sewer    | Killed Purgy
  5319 | D:5      | Noticed Eustachio
  5333 | D:5      | Found a glowing silver altar of Zin.
  5336 | D:5      | Found a shattered altar of Ashenzari.
  5351 | D:5      | Found a hazy altar of Hepliaklqana.
  5353 | D:5      | Found a deep blue altar of Sif Muna.
  5380 | D:5      | Became a worshipper of Ashenzari the Shackled
  5436 | D:5      | HP: 2/45 [jelly (2)]
  5436 | D:5      | Splashed by a jelly's acid

Vault maps used:
D:1:      dpeg_arrival_more_subterranean_lakeside_camping
D:2:      lemuel_crystal_altar, kennysheep_generic_room_11
D:3:      lemuel_doored_altar
D:4:      minmay_opposing_rooms, grunt_temple_overflow_growth_and_decay,
          lemuel_temple_firewalk_b, uniq_robin
D:5:      kennysheep_mini, grunt_temple_overflow_open, first_bread,
          gup_sewer_entry_pipe, serial_curves, eino_curves_02, eino_curves_03,
          minivault_14, uniq_sigmund, uniq_eustachio
Temple:   corrupted_temple
Sewer:    sewer_big_baddie

Skill      XL: |  1  2  3  4  5  6 |
---------------+-------------------+-----
Stealth        | 1 2 4 |  4.3
Unarmed Combat | 4 5 |  5.7
Poison Magic   | 1 2 3 |  3.0
Transmutations | 3 |  3.7
Fighting       | 2 |  2.4
Dodging        | |  2.0
Spellcasting   | |  2.7

Action                   |  1- 3 |  4- 6 |  7- 9 || total
-------------------------+-------+-------+-------++-------
Melee: Unarmed           |    82 |   141 |    58 ||   281
       Constrict         |    20 |    32 |    10 ||    62
       Tentacles         |    17 |    27 |     5 ||    49
       Kick              |     5 |     6 |       ||    11
       Punch             |       |     4 |     2 ||     6
 Fire: Hunting sling     |       |     4 |       ||     4
Throw: Stone             |     2 |       |       ||     2
 Cast: Beastly Appendage |     5 |     4 |     1 ||    10
       Spider Form       |       |       |     1 ||     1
  Use: Scroll            |       |     6 |     1 ||     7
       Potion            |       |     2 |       ||     2
 Stab: Sleeping          |     7 |     7 |     6 ||    20
  Eat: Chunk             |     3 |    10 |     1 ||    14
Armor: Skin              |     1 |     4 |     8 ||    13
Dodge: Dodged            |    39 |    72 |    55 ||   166
